 Seeded DCSS version 0.29.1-15-g9cfb28693d (webtiles) character file.

Game seed: 911254564861661038 (custom seed)

292 Mickster the Chopper (level 6, 0/56 HPs)
             Began as a Hill Orc Berserker on Mar 31, 2023.
             Was a Believer of Trog.
             Slain by Grinder (5 damage)
             ... on level 4 of the Dungeon.
             The game lasted 00:20:55 (3569 turns).

Mickster the Chopper (Hill Orc Berserker)           Turns: 3569, Time: 00:20:56

Health: 0/56       AC:  6    Str: 22    XL:     6   Next: 33%
Magic:  0/6        EV: 11    Int:  7    God:    Trog [**....]
Gold:   135        SH:  0    Dex: 10    Spells: 5/5 levels left

rFire   . . .      SeeInvis .   a - +0 hand axe
rCold   . . .      Faith    .   (no shield)
rNeg    . . .      Spirit   +   l - +0 ring mail
rPois   .          Reflect  .   d - +1 hat
rElec   .          Harm     .   (no cloak)
rCorr   .          Rampage  .   (no gloves)
Will    ++...                   (no boots)
Stlth   +.........              i - amulet of guardian spirit
HPRegen 1.18/turn               (no ring)
MPRegen 0.10/turn               (no ring)

@: strong-willed, on berserk cooldown, regenerating, slowed, very slow
A: no striking features
a: Renounce Religion, Berserk, Trog's Hand


You were on level 4 of the Dungeon.
You worshipped Trog.
Trog was pleased with you.
You visited 1 branch of the dungeon, and saw 4 of its levels.

You collected 135 gold pieces.

Inventory:

Hand Weapons
 a - a +0 hand axe (weapon)
Missiles
 h - 6 boomerangs (quivered)
 j - 6 stones
Armour
 d - a +1 hat (worn)
 l - a +0 ring mail (worn)
Jewellery
 i - an amulet of guardian spirit (around neck)
Wands
 f - a wand of iceblast (11)
Scrolls
 c - a scroll of identify
 e - a scroll of fear
 g - 3 scrolls of teleportation
Potions
 b - a potion of flight


   Skills:
 + Level 5.0 Fighting
 * Level 7.2 Axes
 + Level 2.8 Armour
 + Level 2.2 Dodging
 + Level 1.0 Stealth


You had 5 spell levels left.
You didn't know any spells.
Your spell library was empty.

Dungeon Overview and Level Annotations

Branches:
Dungeon (4/15)
 Temple: D:4-7

Altars:

Annotations:
D:4 Grinder


Message History

Grinder says, "There's only one good use for a tongue: cutting it out."
Grinder gestures at you.
You barely resist. Grinder hits you.
You writhe in agony.
Grinder hits you but does no damage. Grinder hits you but does no damage.
You barely miss Grinder. Grinder hits you.
You writhe in agony.
Grinder hits you.
You writhe in agony.
You barely miss Grinder. Grinder gestures at you.
You resist with significant effort.
You hit Grinder.
Grinder is lightly wounded.
Grinder hits you. Grinder gestures at you. Pain shoots through your body!
* * * LOW HITPOINT WARNING * * *
You hit Grinder.
Grinder is moderately wounded.
Grinder hits you but does no damage.
You hit Grinder.
Grinder is moderately wounded.
Grinder hits you but does no damage.
Your skin crawls.
You feel strong-willed. Grinder closely misses you. Grinder hits you!
* * * LOW HITPOINT WARNING * * *
You closely miss Grinder.
Grinder is moderately wounded.
You feel the effects of Trog's Hand fading.
Grinder hits you!
* * * LOW HITPOINT WARNING * * *
You writhe in agony.
* * * LOW HITPOINT WARNING * * *
You feel better. Grinder barely misses you. Grinder completely misses you.
Your skin crawls.
You feel strong-willed. Grinder hits you.
* * * LOW HITPOINT WARNING * * *
You writhe in agony.
You die...

#.#.#..#..#.#.#####
#.#.#..#..#.#.#...#
#.#.#..#....<.....#
#.#.#..#.##.#...###
#.#.#......<#.###
#.#.#..##.###.#######
#....................
#######.#5.###:#.########
.........@.# #.#.#
#######.##........
#.######.#.## #.. ..#..
#.# ##.#.## ### #####


You could see Grinder.

Vanquished Creatures
  A sky beast (D:3)
  2 orc priests (D:3)
  2 orc wizards (D:3)
  2 adders (D:2)
  2 worms
  3 dart slugs
  4 orcs (D:3)
  3 bats
  3 endoplasms
  3 giant cockroaches
  5 goblins
  6 hobgoblins
  3 jackals (D:3)
  5 quokkas
  A ball python (D:2)
  5 frilled lizards
  7 kobolds
  7 rats
64 creatures vanquished.

Notes
Turn   | Place    | Note
-------+----------+-------------------------------------------
     0 | D:1      | Mickster the Hill Orc Berserker began the quest for the
                  | Orb.
     0 | D:1      | Reached XP level 1. HP: 19/19 MP: 1/1
    61 | D:1      | Reached XP level 2. HP: 19/27 MP: 2/2
   587 | D:1      | Reached XP level 3. HP: 33/34 MP: 3/3
  1233 | D:2      | Reached ** piety under Trog
  1262 | D:2      | Reached XP level 4. HP: 24/41 MP: 4/4
  1620 | D:2      | Reached skill level 5 in Axes
  2335 | D:3      | Reached skill level 6 in Axes
  2335 | D:3      | Reached XP level 5. HP: 33/47 MP: 3/5
  2999 | D:3      | Reached skill level 1 in Stealth
  3384 | D:3      | Noticed a sky beast
  3403 | D:3      | Killed a sky beast
  3404 | D:3      | Reached skill level 5 in Fighting
  3404 | D:3      | Reached skill level 7 in Axes
  3404 | D:3      | Reached XP level 6. HP: 56/56 MP: 6/6
  3549 | D:4      | Noticed Grinder
  3567 | D:4      | HP: 2/56 [Grinder (8)]
  3569 | D:4      | Slain by Grinder

Illustrated notes

Levels and vault maps discovered:
D:1:      grunt_arrival_crossed_arrows, layout_basic, basic_ecumenical_altar
D:2:      layout_basic
D:3:      layout_loops_ring, st_stairs_8
D:4:      layout_basic, nicolae_overflow_crystal_walls, uniq_grinder

Skill      XL: |  1  2  3  4  5 |
---------------+----------------+-----
Fighting       | 4 5 |  5.0
Axes           | 6 7 |  7.2
Dodging        | 2 |  2.2
Stealth        | 1 |  1.0
Armour         | |  2.8

Action                   |  1- 3 |  4- 6 || total
-------------------------+-------+-------++-------
Melee: Hand axe          |    97 |   143 ||   240
       Punch             |     1 |       ||     1
Invok: Berserk           |     1 |     4 ||     5
       Trog's Hand       |       |     2 ||     2
  Use: Scroll            |     2 |     6 ||     8
       Potion            |       |     6 ||     6
 Stab: Sleeping          |     1 |       ||     1
Armor: Animal skin       |    21 |    24 ||    45
       Ring mail         |       |    35 ||    35
Dodge: Dodged            |    63 |    66 ||   129
